 Dungeon Crawl Stone Soup version 0.28.0-53-g5a82cb258f (webtiles) character file.

Game seed: 17449921254677869899

985 Tirrikindir the Ruffian (level 7, -9/71 HPs)
             Began as a Troll Fighter on Aug 7, 2022.
             Was an Initiate of Gozag.
             Mangled by an ogre
             ... wielding a +0 giant club
              (17 damage)
             ... on level 5 of the Dungeon.
             The game lasted 00:10:26 (3983 turns).

Tirrikindir the Ruffian (Troll Fighter)             Turns: 3983, Time: 00:10:27

Health: -9/71      AC:  4    Str: 25    XL:     7   Next: 97%
Magic:  6/6        EV:  9    Int:  4    God:    Gozag
Gold:   182        SH:  9    Dex: 11    Spells: 6/6 levels left

rFire   . . .      SeeInvis .     - Unarmed
rCold   . . .      Faith    .   b - +1 kite shield
rNeg    . . .      Spirit   .   a - +0 robe
rPois   .          Reflect  .   (helmet restricted)
rElec   .          Harm     .   (no cloak)
rCorr   .          Rampage  .   (gloves unavailable)
Will    .....                   (boots unavailable)
Stlth   +.........              (no amulet)
HPRegen 1.01/turn               (no ring)
MPRegen 0.10/turn               (no ring)

@: mighty, weak-willed
A: large, unfitting armour, claws 3, regeneration 1, shaggy fur 1, tough skin 1
a: Renounce Religion, Potion Petition, Call Merchant, Bribe Branch


You were on level 5 of the Dungeon.
You worshipped Gozag.
Gozag was aware of your devotion.
You visited 1 branch of the dungeon, and saw 7 of its levels.

You collected 253 gold pieces.
You paid 71 gold pieces to Gozag.

Inventory:

Hand Weapons
 o - the +8 rapier "Kioclov" {vorpal, rF- rN+ rCorr Int+2}
   (You found it on level 5 of the Dungeon)

   It inflicts extra damage upon your enemies.
   Int:       It affects your intelligence (+2).
   rF:        It makes you vulnerable to fire.
   rN:        It protects you from negative energy.
   rCorr:     It protects you from acid and corrosion.
Missiles
 g - 10 poisoned darts (quivered)
 j - 3 throwing nets
 k - 4 large rocks
Armour
 a - a +0 robe (worn)
 b - a +1 kite shield (worn)
Jewellery
 h - a ring of flight
 i - a ring of magical power
Scrolls
 e - a scroll of enchant weapon
 m - a scroll of summoning {unknown}
 n - a scroll of amnesia {unknown}
Potions
 d - a potion of magic
 f - a potion of flight


   Skills:
 * Level 4.8 Fighting
 + Level 2.2 Throwing
 + Level 3.8 Dodging
 + Level 3.7 Shields
 * Level 5.4 Unarmed Combat


You had 6 spell levels left.
You didn't know any spells.
Your spell library contained the following spells:

 Spells                   Type           Power      Damage    Failure   Level
 Animate Skeleton         Necr           0%         N/A       80%         1
 Apportation              Tloc           0%         N/A       80%         1
 Summon Small Mammal      Summ           0%         N/A       80%         1
 Corpse Rot               Necr/Air       0%         N/A       90%         2
 Confusing Touch          Hex            0%         N/A       99%         3
 Dispel Undead            Necr           0%         3d6       100%        4
 Yara's Violent Unravell  Hex/Tmut       0%         3d3       100%        5
 Death Channel            Necr           0%         N/A       100%        6
 Enfeeble                 Hex            0%         N/A       100%        7


Dungeon Overview and Level Annotations

Branches:
Dungeon (7/15)             Temple (0/1) D:5

Altars:
Gozag


Innate Abilities, Weirdness & Mutations

You are too large for most types of armour.
You have claws for hands.
Your natural rate of healing is unusually fast.
You are covered in fur. (AC +1)
You have tough skin. (AC +1)


Message History

You closely miss the ogre.
The ogre hits you with a +0 giant club!!
You scratch the ogre.
The ogre is lightly wounded.
The ogre hits you with a +0 giant club!!
* * * LOW HITPOINT WARNING * * *
Okay, then.
You feel very buoyant.
You fly up into the air.
The ogre hits you with a +0 giant club!
* * * LOW HITPOINT WARNING * * *
You are starting to lose your buoyancy.
You scratch the ogre.
The ogre is lightly wounded.
The ogre barely misses you.
You barely miss the ogre.
The ogre is lightly wounded.
You scratch the ogre.
The ogre is moderately wounded.
The ogre hits you with a +0 giant club!!
The iguana bites you.
You completely miss the ogre.
The ogre is moderately wounded.
You block the iguana's attack. The ogre hits you with a +0 giant club!
* * * LOW HITPOINT WARNING * * *
You feel very mighty all of a sudden.
You float gracefully downwards.
You block the iguana's attack. The ogre closely misses you.
You claw the ogre!
The ogre is heavily wounded.
The iguana bites you!
* * * LOW HITPOINT WARNING * * *
You barely miss the ogre.
The ogre is heavily wounded.
You block the ogre's attack. The iguana bites you.
* * * LOW HITPOINT WARNING * * *
As you read the scroll labelled NUYJOUK NAHEPN, it crumbles to dust.
Magic quickly surges around you.
It was a scroll of vulnerability.
The iguana closely misses you. The ogre hits you with a +0 giant club!
You die...
Your body crumbles into a pile of gold.

#.# #<...........## ##...#
#.## ##.............# ##..##
#..## #..............###...#
#...##
#..............#....##
.(...##
##.................##
......# #..............####*
......# ##...........### *,*
......# #####....#### **,*
......# ###..O@.### *,,*
.....######....l### **,**
...>..##.....#### *,,*
#..........##...#######
**,**
#..>####..............##*,,*
..#####................#*,**
### ##.................#..*
# #..................#.#*
#....................#


You could see an ogre (weak-willed) and an iguana (weak-willed).

Vanquished Creatures
  A water moccasin (D:4)
  A black bear (D:5)
  An ogre (D:7)
  A centaur (D:7)
  A wyvern zombie (D:7)
  2 scorpions (D:4)
  4 wights (D:7)
  A centaur zombie (D:6)
  A centaur skeleton (D:7)
  7 gnolls (D:3)
  A howler monkey skeleton (D:7)
  8 adders
  An ufetubus (D:4)
  2 worms
  2 dart slugs
  7 orcs
  6 ball pythons
  8 endoplasms
  4 giant cockroaches
  7 goblins
  5 hobgoblins
  3 jackals (D:3)
  10 kobolds
  3 quokkas
  2 bats (D:3)
  5 frilled lizards
  3 rats
97 creatures vanquished.

Notes
Turn   | Place    | Note
-------+----------+-------------------------------------------
     0 | D:1      | Tirrikindir the Troll Fighter began the quest for the Orb.
     0 | D:1      | Reached XP level 1. HP: 22/22 MP: 0/0
   222 | D:1      | Reached XP level 2. HP: 29/29 MP: 1/1
  1062 | D:2      | Reached XP level 3. HP: 36/36 MP: 2/2
  1080 | D:2      | Identified the +0 robe "Rutal" {Rampage rElec rCorr Str-4}
  1619 | D:2      | Reached skill level 3 in Unarmed Combat
  1619 | D:2      | Reached XP level 4. HP: 40/45 MP: 3/3
  1893 | D:3      | Reached XP level 5. HP: 31/53 MP: 4/4
  2899 | D:4      | Noticed a water moccasin
  2911 | D:4      | Killed a water moccasin
  2912 | D:4      | Reached skill level 4 in Unarmed Combat
  2912 | D:4      | Reached XP level 6. HP: 48/62 MP: 5/5
  2942 | D:4      | Reached skill level 1 in Throwing
  3378 | D:5      | Entered Level 5 of the Dungeon
  3443 | D:5      | Reached XP level 7. HP: 59/70 MP: 6/6
  3488 | D:5      | You fall into a shaft and drop 2 floors!
  3536 | D:7      | Found an opulent altar of Gozag.
  3562 | D:7      | Reached skill level 5 in Unarmed Combat
  3606 | D:7      | Became a worshipper of Gozag Ym Sagoz the Greedy
  3798 | D:5      | Identified the +8 rapier "Kioclov" {vorpal, rF- rN+ rCorr
                  | Int+2}
  3983 | D:5      | Mangled by an ogre

Illustrated notes

Levels and vault maps discovered:
D:1:      ncdulo_smallfort, layout_loops_corners, minivault_27
D:2:      layout_loops_cross, minmay_cut_off
D:3:      minmay_general_purpose_star, layout_basic, serial_co_window_serial,
          co_window_of_opportunity_a, co_window_corner_a, co_window_corner_a,
          co_window_corner_a, co_window_corner_a, co_window_unsneaky_path_c,
          co_window_corner_b, co_window_2corner, co_window_corner_b,
          co_window_paths_e, co_window_4corner_a, glass_columns_a,
          glass_columns_c, glass_columns_b, glass_columns_a, glass_columns_c
D:4:      layout_rooms
D:5:      layout_cave_pods, minmay_temple_entry_wispy
D:6:      hangedman_cross_stitches, layout_gridville, serial_shops,
          nicolae_square_shop, ebering_ghost_sewer_d, st_stairs_13
D:7:      layout_basic, nicolae_gozag_seed_capital, grunt_decor_arrowhead,
          minmay_liquid_box

Skill      XL: |  1  2  3  4  5  6  7 |
---------------+----------------------+-----
Fighting       | 3 4 |  4.8
Unarmed Combat | 3 4 5 |  5.4
Dodging        | 3 |  3.8
Shields        | 3 |  3.7
Throwing       | 1 2 |  2.2

Action                   |  1- 3 |  4- 6 |  7- 9 || total
-------------------------+-------+-------+-------++-------
Melee: Unarmed           |    78 |   158 |    56 ||   292
Throw: Dart              |       |       |     1 ||     1
  Use: Scroll            |     4 |     4 |     1 ||     9
       Potion            |     1 |     2 |     2 ||     5
 Stab: Distracted        |       |     1 |       ||     1
       Sleeping          |       |     1 |       ||     1
Armor: Robe              |    22 |    29 |     9 ||    60
Dodge: Dodged            |    18 |    67 |    31 ||   116
Block: Kite shield       |    15 |    67 |    38 ||   120
